 Dungeon Crawl Stone Soup version 0.19.5 (webtiles) character file.

282 McKennaii the Chopper (level 6, 0/53 HPs)
             Began as a Minotaur Fighter on May 4, 2017.
             Slain by an orc
             ... wielding a +0 dagger
              (3 damage)
             ... on level 3 of the Dungeon.
             The game lasted 00:02:56 (1687 turns).

McKennaii the Chopper (Minotaur Fighter)            Turns: 1687, Time: 00:02:56

Health: 0/53       AC:  8    Str: 21    XL:     6   Next: 6%
Magic:  5/5        EV: 13    Int:  5    God:
Gold:   138        SH: 10    Dex: 16    Spells: 0 memorised, 5 levels left

rFire  . . .     SeeInvis .     a - +0 war axe
rCold  . . .     Gourm    .     b - +0 scale mail
rNeg   . . .     Faith    .     c - +0 shield
rPois  .         Spirit   .     (helmet restricted)
rElec  .         Reflect  .     i - +0 cloak
rCorr  .         Harm     .     (no gloves)
MR     .....                    (no boots)
Stlth  +.........               (no amulet)
                                (no ring)
                                (no ring)

@: agile, slowed, very slow
A: retaliatory headbutt, horns 2
a: no special abilities


You were on level 3 of the Dungeon.
You were not hungry.

You visited 1 branch of the dungeon, and saw 3 of its levels.

You collected 138 gold pieces.

Inventory:

Hand Weapons
 a - a +0 war axe (weapon)
Armour
 b - a +0 scale mail (worn)
 c - a +0 shield (worn)
 i - a +0 cloak (worn)
Scrolls
 e - 5 scrolls of identify {unknown}
 g - 2 scrolls of enchant weapon {unknown}
 n - a scroll of immolation {unknown}
 o - 2 scrolls of amnesia {unknown}
Potions
 d - a potion of might
 h - a potion of magic {unknown}
 k - a potion of cancellation {unknown}
 l - a potion of lignification {unknown}
 m - a potion of agility
 p - a potion of haste {unknown}
Comestibles
 f - a bread ration
 j - 2 meat rations


   Skills:
 + Level 4.3 Fighting
 + Level 5.2 Axes
 + Level 5.0 Armour
 + Level 0.9 Dodging
 + Level 4.9 Shields


You had 5 spell levels left.
You didn't know any spells.

Dungeon Overview and Level Annotations

Branches:
Dungeon (3/15)

Altars:
Vehumet


Innate Abilities, Weirdness & Mutations

You reflexively headbutt those who attack you in melee.
You have a pair of horns on your head.


Message History

You slash the orc wizard! Your headbutt misses the orc wizard.
The orc wizard is severely wounded.
You barely miss the orc.
The orc wizard gestures at you while chanting.
The magic dart hits you! The orc barely misses you.
You hit the orc wizard.
You kill the orc wizard!
Your Armour skill increases to level 5!
You have reached level 6!
Your experience leads to an increase in your attributes!
Increase (S)trength, (I)ntelligence, or (D)exterity?
You feel agile.
You hit the orc. You block the orc's attack.
The orc priest mumbles some strange prayers to Beogh against you.
Beogh smites you!
* * * LOW HITPOINT WARNING * * *
It was a potion of agility.
You feel agile all of a sudden. You block the orc's attack.
The orc hits you with a dagger.
You die...

#.....†.....# #>##
#..^..#..>..#######
#..[..#....).......
##.####......#...#.
#.# #..........# ..
#.# #...)....#.#
#..###?##...#####.##.#
#...).##.### #...##.##
#####@o..# ##.####...
#o#### #.........


#og ########.. ooo. ### ..... ....... ........ .......... You could see 2 orc
priests, 4 orcs and a goblin.

Vanquished Creatures
  A jelly (D:3)
  An orc priest (D:3)
  3 orc wizards (D:3)
  A hound skeleton (D:3)
  6 adders
  An ooze (D:2)
  A worm (D:2)
  A dart slug (D:1)
  2 leopard geckos (D:2)
  5 orcs
  2 giant cockroaches (D:2)
  11 goblins
  A hobgoblin (D:3)
  5 jackals (D:1)
  2 quokkas
  2 ball pythons (D:1)
  5 bats
  2 frilled lizards
  9 kobolds
  4 rats
65 creatures vanquished.

Notes
Turn   | Place    | Note
-------+----------+-------------------------------------------
     0 | D:1      | McKennaii the Minotaur Fighter began the quest for the Orb.
     0 | D:1      | Reached XP level 1. HP: 19/19 MP: 0/0
   142 | D:1      | Reached XP level 2. HP: 27/27 MP: 1/1
   645 | D:2      | Reached XP level 3. HP: 33/33 MP: 2/2
   892 | D:2      | Reached XP level 4. HP: 35/40 MP: 3/3
  1233 | D:2      | Found a faded altar of an unknown god.
  1233 | D:2      | Found a faded altar of an unknown god.
  1244 | D:2      | Found a faded altar of an unknown god.
  1250 | D:2      | Found a radiant altar of Vehumet.
  1251 | D:2      | Found a faded altar of an unknown god.
  1323 | D:3      | HP: 2/40 [orc/war axe (3)]
  1619 | D:3      | Reached XP level 5. HP: 37/46 MP: 4/4
  1680 | D:3      | Reached skill level 5 in Axes
  1686 | D:3      | Reached skill level 5 in Armour
  1686 | D:3      | Reached XP level 6. HP: 16/53 MP: 5/5
  1686 | D:3      | HP: 2/53 [orc priest/divine providence (14)]
  1687 | D:3      | Slain by an orc

Skill      XL: |  1  2  3  4  5 |
---------------+----------------+-----
Armour         | 4 5 |  5.0
Shields        | 4 |  4.9
Axes           | 3 4 5 |  5.2
Fighting       | 4 |  4.3
Dodging        | |  0.9

Action                   |  1- 3 |  4- 6 || total
-------------------------+-------+-------++-------
Melee: War axe           |   102 |    57 ||   159
       Headbutt          |    16 |     5 ||    21
  Use: Potion            |       |     1 ||     1
  Eat: Chunk             |       |     3 ||     3
Armor: Scale mail        |    56 |    30 ||    86
Dodge: Dodged            |    36 |    24 ||    60
Block: Shield            |    57 |    41 ||    98
